AoeStats
← Eldomador

Arena

512426624Analyzed
1v1 RM · 10d ago on Oct 9, 2026· 41m 25s· 2 players
Game mode
Random Map
Map size
Tiny (2 player)
Population
200
Speed
Normal
Resources
Standard
Victory
Conquest
Starting age
Dark Age
Ending age
Imperial Age
RankedLock teamsTeams togetherTeam positionsShared explorationLock speedFull tech treeHidden civsTurbo modeCheats
Victory
Defeat
🇦🇷 Huns · Argentina
849
+16
vs
🇺🇦 Portuguese · Ukraine
854
-16
Eldomador
9:24 Feudal Age
15:27 Castle Age
14:09 Double-Bit Axe
17:12 Loom
17:46 Bow Saw
21:45 Horse Collar
23:24 Stone Mining
24:23 Heavy Plow
25:16 Husbandry
25:56 Forging
25:49 Gold Mining
25:54 Town Watch
27:41 Wheelbarrow
27:26 Bloodlines
28:35 Gold Shaft Mining
28:28 Scale Barding Armor
28:16 Fletching
29:42 Hand Cart
29:41 Town Patrol
29:55 Marauders
33:04 Imperial Age
32:19 Iron Casting
32:05 Chain Barding Armor
32:51 Ballistics
32:42 Masonry
32:30 Murder Holes
33:06 Squires
32:26 Pikeman
33:09 Bodkin Arrow
33:15 Cavalier
33:33 Capped Ram
34:43 Conscription
35:18 Plate Barding Armor
35:44 Blast Furnace
34:45 Bracer
35:00 Guilds
34:53 Siege Ram
35:47 Paladin
38:01 Chemistry
38:09 Two-Man Saw
МАМУТ
5:22 Loom
10:55 Feudal Age
12:46 Double-Bit Axe
16:11 Castle Age
13:57 Horse Collar
17:45 Forging
17:46 Scale Barding Armor
19:03 Bow Saw
21:18 Bloodlines
23:05 Wheelbarrow
24:04 Heavy Plow
24:42 Gold Mining
27:46 Hand Cart
33:34 Imperial Age
33:21 Stone Mining
34:03 Ballistics
34:41 Stone Shaft Mining
34:38 Conscription
35:35 Chemistry
34:41 Siege Engineers
35:35 Elite Organ Gun
37:32 Two-Man Saw
38:27 Arquebus
Connection lost

Rejoining the realm…

Still unreachable

The connection could not be restored.

Session expired

The server has moved on; the page needs a fresh start.